 Dungeon Crawl Stone Soup version 0.20-a0-839-gdaf5c57 (webtiles) character file.

429 Gorice the Vexing (level 7, -1/36 HPs)
             Began as a Kobold Enchanter on Mar 7, 2017.
             Slain by a centaur (6 damage)
             ... on level 4 of the Dungeon on Mar 8, 2017.
             The game lasted 00:26:57 (6799 turns).

Gorice the Vexing (Kobold Enchanter)                Turns: 6799, Time: 00:26:58

Health: -1/36      AC:  5    Str: 13    XL:     7   Next: 19%
Magic:  2/10       EV: 13    Int: 16    God:
Gold:   180        SH:  0    Dex: 15    Spells: 4/10 levels left

rFire    . . .     SeeInvis +   a - +2 dagger
rCold    . . .     Gourm    .   b - +0 robe
rNeg     . . .     Faith    .   (shield restricted)
rPois    .         Spirit   .   A - +2 helmet {SInv}
rElec    .         Reflect  .   (no cloak)
rCorr    .         Harm     .   (no gloves)
MR       .....                  (no boots)
Stlth    ++++......             (no amulet)
Regen    0.2/turn               q - ring of stealth
MPRegen  0.2/turn               z - -2 ring of evasion (curse)

@: mighty, lethally poisoned (-1 -> -2), very slightly contaminated
A: carnivore 3
a: no special abilities


You were on level 4 of the Dungeon.
You were very full.

You visited 1 branch of the dungeon, and saw 4 of its levels.

You collected 180 gold pieces.

Inventory:

Hand Weapons
 a - a +2 dagger (weapon)
 h - a +0 falchion of distortion
   (You took it off an orc on level 4 of the Dungeon)
 p - a +0 hunting sling
 s - a cursed -1 mace
 x - a +0 falchion
 y - a +2 short sword of speed
   (You found it on level 4 of the Dungeon)
Missiles
 o - 5 exploding tomahawks
 r - 51 bolts
 w - 5 tomahawks (quivered)
 Z - 122 stones
Armour
 b - a +0 robe (worn)
 i - a +0 ring mail
 A - a +2 helmet of see invisible (worn)
   (You took it off Robin on level 4 of the Dungeon)
Jewellery
 m - an uncursed ring of fire
 q - a ring of stealth (right hand)
 z - a cursed -2 ring of evasion (left hand)
Scrolls
 v - 2 scrolls of immolation {!r}
Potions
 e - a potion of flight
 l - a potion of ambrosia {unknown}
 n - a potion of cancellation {unknown}
 t - 2 potions of curing {unknown}
Books
 c - a book of Maledictions
Comestibles
 d - 2 meat rations {!e}
 g - a royal jelly


   Skills:
 + Level 5.1 Short Blades
 - Level 2.4 Dodging
 - Level 4.0 Stealth
 - Level 2.1 Spellcasting
 * Level 6.5 Hexes


You had 4 spell levels left.
You knew the following spells:

 Your Spells              Type           Power        Failure   Level  Hunger
a - Corona                Hex            ###....      1%          1    #......
b - Ensorcelled Hibernat  Hex/Ice        ##....       10%         2    ###....
c - Confuse               Hex            ###.....     4%          3    ###....


Dungeon Overview and Level Annotations

Branches:
Dungeon (4/15)
 Temple: D:4-7

Altars:
Hepliaklqana
Uskayaw
Yredelemnul
Zin

Annotations:
D:3 vpUX: glass vault needs dig
D:4 Dowan


Innate Abilities, Weirdness & Mutations

You are small and have problems with some larger weapons.
You are carnivorous and can eat meat at any time.


Message History

The adder misses you.
You hit the adder but do no damage.
The adder is heavily wounded.
You feel sick. The centaur barely misses you. The adder barely misses you.
Really quaff
j - a potion of might {!q}?
You feel very mighty all of a sudden. The centaur barely misses you.
The adder barely misses you. The centaur hits you.
Damage: 1 (max 5)
You hit the adder.
The adder is almost dead.
The adder closely misses you. The centaur hits you.
* * * LOW HITPOINT WARNING * * *
Damage: 3 (max 5)
You puncture the adder!
You kill the adder!
The centaur hits you!
* * * LOW HITPOINT WARNING * * *
Damage: 9 (max 9)
You hit the centaur.
The centaur is moderately wounded.
The centaur hits you.
* * * LOW HITPOINT WARNING * * *
Damage: 1 (max 9)
You hit the centaur.
The centaur is heavily wounded.
You feel sick. The centaur barely misses you.
Damage: 1 (max 9)
You closely miss the centaur.
The centaur is heavily wounded.
The centaur barely misses you.
The centaur hits you but does no damage.
You hit the centaur.
The centaur is heavily wounded.
The centaur hits you.
* * * LOW HITPOINT WARNING * * *
Damage: 2 (max 9)
You barely miss the centaur.
The centaur is heavily wounded.
The centaur hits you but does no damage.
You closely miss the centaur.
The centaur is heavily wounded.
The centaur closely misses you.
You hit the centaur.
The centaur is severely wounded.
The centaur hits you but does no damage.
You hit the centaur.
The centaur is almost dead.
You feel sick. The centaur hits you.
You die...

#
##...###...........
+
#######....>......
#
#.........(.......
#
+#......###.......#
# ........#
#.......# #
........# #.......+
# ........#
#.......# .....S..#
#.......+ ........#
#@c.....# ........#
#†......# .........
..###+### #
.e#########+# ## .#
.# .# .####


You could see a centaur.

Vanquished Creatures
  Sigmund (D:4)
  2 orc wizards
  An iguana (D:3)
  Robin (D:4)
  4 adders
  4 worms
  2 dart slugs
  A leopard gecko (D:2)
  16 orcs
  A ball python (D:3)
  5 giant cockroaches
  19 goblins
  12 hobgoblins
  7 jackals (D:3)
  A quokka (D:2)
  6 bats
  2 frilled lizards (D:2)
  7 kobolds
  10 rats
102 creatures vanquished.

Notes
Turn   | Place    | Note
-------+----------+-------------------------------------------
     0 | D:1      | Gorice the Kobold Enchanter began the quest for the Orb.
     0 | D:1      | Reached XP level 1. HP: 10/10 MP: 3/3
   349 | D:1      | Reached XP level 2. HP: 15/15 MP: 1/5
   355 | D:1      | Learned a level 2 spell: Ensorcelled Hibernation
   761 | D:1      | Reached skill level 2 in Short Blades
  1045 | D:2      | Reached XP level 3. HP: 19/19 MP: 1/6
  1419 | D:2      | Reached skill level 4 in Hexes
  1799 | D:2      | Reached XP level 4. HP: 24/24 MP: 3/7
  2202 | D:2      | Reached skill level 3 in Short Blades
  3800 | D:3      | Found a glowing silver altar of Zin.
  3830 | D:3      | Reached XP level 5. HP: 28/28 MP: 5/8
  3911 | D:3      | Upgraded the game from 0.20-a0-833-gc632bec to 0.20-a0-839-gdaf5c57
  3936 | D:3      | Learned a level 3 spell: Confuse
  4033 | D:3      | Found a hide-covered altar of Uskayaw.
  4036 | D:3      | Found a basalt altar of Yredelemnul.
  4455 | D:3      | Reached skill level 5 in Hexes
  4904 | D:3      | Reached skill level 4 in Short Blades
  5228 | D:4      | Reached XP level 6. HP: 27/32 MP: 2/9
  5368 | D:4      | Noticed Robin
  5602 | D:3      | HP: 9/32 [goblin/club[Robin] (6)]
  5987 | D:4      | Killed Robin
  6275 | D:4      | Noticed Sigmund
  6305 | D:4      | Killed Sigmund
  6305 | D:4      | Reached skill level 5 in Short Blades
  6305 | D:4      | Reached skill level 6 in Hexes
  6305 | D:4      | Reached XP level 7. HP: 28/36 MP: 1/10
  6409 | D:4      | HP: 6/36 [scorpion (6)]
  6429 | D:4      | HP: 6/36 [scorpion (7)]
  6436 | D:4      | HP: 4/36 [poisoned by a scorpion]
  6444 | D:4      | HP: 3/36 [poisoned by a scorpion]
  6730 | D:4      | Noticed Dowan
  6736 | D:4      | Found a hazy altar of Hepliaklqana.
  6791 | D:4      | HP: 9/36 [centaur (9)]
  6799 | D:4      | HP: 5/36 [poisoned by an adder]
  6799 | D:4      | Slain by a centaur

Vault maps used:
D:1:      lemuel_arrival_rhombus
D:2:      minmay_hedge_maze
D:3:      nicolae_overflow_hidden_temple, due_unseen_surprise
D:4:      grunt_dithmenos_smoke, lemuel_round_altar, first_bread, uniq_robin,
          uniq_crazy_yiuf_cottage, uniq_sigmund, uniq_duvessa

Skill      XL: |  1  2  3  4  5  6 |
---------------+-------------------+-----
Short Blades   | 2 3 4 5 |  5.1
Hexes          | 4 5 6 |  6.5
Dodging        | |  2.4
Stealth        | |  4.0
Spellcasting   | |  2.1

Action                   |  1- 3 |  4- 6 |  7- 9 || total
-------------------------+-------+-------+-------++-------
Melee: Dagger            |    88 |   174 |    39 ||   301
Throw: Stone             |       |     1 |       ||     1
 Cast: Corona            |    12 |    10 |     1 ||    23
       Ensorcelled Hiber |    28 |    62 |     7 ||    97
       Confuse           |       |    12 |     1 ||    13
  Use: Scroll            |     6 |     6 |     1 ||    13
       Potion            |       |     1 |     2 ||     3
 Stab: Sleeping          |    23 |    41 |     1 ||    65
       Confused          |       |     5 |       ||     5
  Eat: Chunk             |    14 |    20 |     1 ||    35
Armor: Robe              |    11 |    15 |     8 ||    34
Dodge: Dodged            |    66 |   137 |    29 ||   232

Table legend:
 A = Turns spent in this place as a percentage of turns spent in the entire game.
 B = Non-inter-level travel turns spent in this place as a percentage of non-inter-level travel turns spent in the entire game.
 C = Inter-level travel turns spent in this place as a percentage of turns spent in this place.
 D = Turns resting spent in this place as a percentage of non-inter-level travel turns spent in this place.
 E = Turns spent auto-exploring this place as a percentage of non-inter-level travel turns spent in this place.
 F = Non-inter-level travel turns spent in this place divided by the number of levels of this place that you've seen.
                   A       B       C       D       E      F
               +-------+-------+-------+-------+-------+----------------------
         Total | 100.0 | 100.0 |   0.6 |   7.1 |   3.9 | 514.2
       Dungeon | 100.0 | 100.0 |   0.6 |   7.1 |   3.9 | 514.2
               +-------+-------+-------+-------+-------+----------------------

Vault maps used:
D:1:      lemuel_arrival_rhombus
D:2:      minmay_hedge_maze
D:3:      nicolae_overflow_hidden_temple, due_unseen_surprise
D:4:      grunt_dithmenos_smoke, lemuel_round_altar, first_bread, uniq_robin,
          uniq_crazy_yiuf_cottage, uniq_sigmund, uniq_duvessa
